 Dungeon Crawl Stone Soup version 0.29.1-2-gbd0b4ee654 (webtiles) character file.

Game seed: 14651573230986301555

616 leafyfresh the Sneak (level 7, 0/46 HPs)
             Began as an Octopode Earth Elementalist on Nov 12, 2022.
             Was an Initiate of Sif Muna.
             Slain by an orc
             ... wielding a +0 hand axe
              (3 damage)
             ... on level 5 of the Dungeon.
             The game lasted 00:12:49 (6215 turns).

leafyfresh the Sneak (Octopode Earth Elementalist)  Turns: 6215, Time: 00:12:50

Health: 0/46       AC:  1    Str:  7    XL:     7   Next: 45%
Magic:  3/10       EV: 14    Int: 20    God:    Sif Muna [......]
Gold:   205        SH:  0    Dex: 12    Spells: 5/10 levels left

rFire   + . .      SeeInvis .   s - +0 rapier (speed)
rCold   x . .      Faith    .   (no shield)
rNeg    . . .      Spirit   .   (helmet restricted)
rPois   +          Reflect  .   (no amulet)
rElec   .          Harm     .   j - ring of wizardry
rCorr   .          Rampage  .   m - ring of fire
Will    .....                   r - ring of poison resistance
Stlth   ++++......              (no ring)
HPRegen 0.15/turn               (no ring)
MPRegen 0.12/turn               (no ring)
                                (no ring)
                                (no ring)

@: no status effects
A: almost no armour, amphibious, 8 rings, camouflage 1, gelatinous body 1,
(nimble swimmer 1), tentacles
a: Renounce Religion


You were on level 5 of the Dungeon.
You worshipped Sif Muna.
Sif Muna was noncommittal.
You visited 2 branches of the dungeon, and saw 6 of its levels.

You collected 205 gold pieces.

Inventory:

Hand Weapons
 s - a +0 rapier of speed (weapon)
Missiles
 i - 2 throwing nets
Armour
 f - +0 steam dragon scales
Magical Staves
 t - a staff of poison
Jewellery
 j - a ring of wizardry (left tentacle)
 m - a ring of fire (right tentacle)
 r - a ring of poison resistance (on tentacle)
Scrolls
 b - a scroll of fog
 c - 2 scrolls of teleportation
 d - 2 scrolls of fear
 e - 2 scrolls of blinking
 h - 2 scrolls of poison {unknown}
 l - a scroll of amnesia {unknown}
 n - 2 scrolls of enchant weapon {unknown}
 p - a scroll of summoning {unknown}
 q - a scroll of magic mapping {unknown}
Potions
 a - a potion of magic
 g - 3 potions of might
 k - 4 potions of haste
 o - 2 potions of brilliance


   Skills:
 + Level 3.3 Fighting
 + Level 5.3 Dodging
 - Level 5.7 Stealth
 - Level 2.0 Spellcasting
 - Level 1.0 Transmutations
 - Level 4.2 Earth Magic


You had 5 spell levels left.
You knew the following spells:

 Your Spells              Type           Power      Damage    Failure   Level
a - Sandblast             Erth           38%        2d10      1%          1
b - Poisonous Vapours     Pois/Air       4%         N/A       10%         2
c - Ensorcelled Hibernat  Hex/Ice        4%         N/A       10%         2

Your spell library contained the following spells:

 Spells                   Type           Power      Damage    Failure   Level
 Passwall                 Tmut/Erth      10%        N/A       3%          2
 Stone Arrow              Conj/Erth      20%        3d8       9%          3
 Spider Form              Tmut/Pois      4%         N/A       16%         3
 Petrify                  Tmut/Erth      12%        N/A       21%         4
 Anguish                  Hex/Necr       1%         N/A       50%         4
 Corpse Rot               Necr/Pois/Air  2%         N/A       50%         4


Dungeon Overview and Level Annotations

Branches:
Dungeon (5/15)             Temple (1/1) D:4

Altars:
Fedhas
Gozag
Hepliaklqana
Makhleb
Nemelex Xobeh
Okawaru
Sif Muna
Trog
Uskayaw

Annotations:
D:4 1 runed translucent door, Crazy Yiuf


Innate Abilities, Weirdness & Mutations

You cannot wear most types of armour.
You are amphibious.
You can wear up to eight rings at the same time.
Your skin changes colour to match your surroundings (Stealth+).
Your rubbery body absorbs attacks. (AC +1, EV +1)
((You are camouflaged when in or above water. (Stealth+)))
You have tentacles for arms and can constrict up to eight enemies at once.


Message History

You hear a shout!
The orc priest misses you.
You hear a howl!
Casting: Sandblast (safe; 1% risk of failure)
Confirm with . or Enter, or press ? or * to list all spells.
You don't know that spell.
Unknown command.
You hit the orc priest but do no damage.
You grab the orc priest.
Your tentacle-slap misses the orc priest.
The orc priest is moderately wounded.
You constrict the orc priest, but do no damage.
Unknown command.
You release your grip on the orc priest.
The orc priest miscasts a cantrip.
You see here an adder corpse.
Unknown command.
The orc priest invokes the aid of Beogh against you.
Beogh smites you!
* * * LOW HITPOINT WARNING * * *
The orc priest calls upon Beogh to heal the orc.
The orc's wounds heal themselves!
Unknown command.
There is a fountain of clear blue water here.
You start resting.
An orc is nearby!
You start resting.
An orc priest is nearby!
An orc priest is nearby!
The orc shouts!
The orc hits you with a +0 hand axe.
* * * LOW HITPOINT WARNING * * *
Casting: Sandblast (safe; 1% risk of failure)
Confirm with . or Enter, or press ? or * to list all spells.
Aiming: Sandblast (safe; 1% risk of failure)
Press: ? - help, Shift-Dir - straight line, f - orc
Aim: an orc, wielding a +0 hand axe and wearing a +0 scale mail (84% to hit)
The blast of sand hits the orc but does no damage.
The orc barely misses you. The orc hits you with a +0 hand axe.
You die...

.. ..##########
...........#
...........#
#..........#
#..........# #....
#..........# . #$...
.......@...#
.#...)###....###o..#
....#...#).#...#..#
#..#.⌠.#..#.⌠.#..#
####..#..)#)~#...#..#
......~###≈≈≈≈###~..#
#..~†≈≈≈≈≈≈≈≈...#
#####.o~≈≈≈≈≈≈≈≈~...#
......~###≈≈≈~###o..#


You could see an orc.

Vanquished Creatures
  A steam dragon (D:4)
  A kobold brigand (D:3)
  A scorpion (D:4)
  2 hounds (D:4)
  An iguana (D:4)
  3 orc wizards
  4 gnolls (D:4)
  7 adders
  4 worms
  3 dart slugs
  5 orcs
  7 endoplasms
  A giant cockroach (D:4)
  5 goblins
  13 hobgoblins
  4 jackals (D:4)
  5 quokkas
  5 ball pythons
  5 bats
  4 frilled lizards
  A goblin skeleton (D:5)
  8 kobolds
  4 rats
94 creatures vanquished.

Notes
Turn   | Place    | Note
-------+----------+-------------------------------------------
     0 | D:1      | leafyfresh the Octopode Earth Elementalist began the quest
                  | for the Orb.
     0 | D:1      | Reached XP level 1. HP: 11/11 MP: 3/3
   370 | D:1      | Reached XP level 2. HP: 17/17 MP: 3/5
   902 | D:1      | Found a faded altar of an unknown god.
   957 | D:1      | Reached XP level 3. HP: 21/21 MP: 4/6
  1644 | D:2      | Reached XP level 4. HP: 27/27 MP: 5/7
  2177 | D:3      | Found a burning altar of Makhleb.
  3013 | D:3      | Noticed a kobold brigand
  3496 | D:3      | Killed a kobold brigand
  3497 | D:3      | Reached skill level 5 in Stealth
  3497 | D:3      | Reached XP level 5. HP: 16/31 MP: 2/8
  3668 | D:3      | Learned a level 2 spell: Poisonous Vapours
  3893 | D:4      | Reached XP level 6. HP: 26/36 MP: 3/9
  4162 | D:4      | Reached skill level 1 in Fighting
  4375 | D:4      | Noticed a steam dragon
  4391 | D:4      | Killed a steam dragon
  4392 | D:4      | Reached XP level 7. HP: 20/45 MP: 0/10
  4673 | D:4      | Found a staircase to the Ecumenical Temple.
  4684 | Temple   | Entered the Ecumenical Temple
  4845 | Temple   | Became a worshipper of Sif Muna the Loreminder
  4912 | D:4      | Reached skill level 5 in Dodging
  4958 | D:5      | Entered Level 5 of the Dungeon
  5465 | D:4      | Found a runed translucent door.
  5466 | D:4      | Noticed Crazy Yiuf
  5918 | D:4      | Learned a level 2 spell: Ensorcelled Hibernation
  6215 | D:5      | Slain by an orc

Illustrated notes

Levels and vault maps discovered:
D:1:      dpeg_arrival_windows_large_door, layout_basic,
          shapermc_ecumenical_altar_petra
D:2:      layout_loops_ring, minmay_cupped
D:3:      layout_loops_ring, mainiacjoe_overflow_small_starburst
D:4:      minmay_chambers_of_twos, layout_basic,
          minmay_temple_entry_antechambers, kennysheep_generic_room_8,
          uniq_crazy_yiuf_cottage
D:5:      layout_basic, nicolae_tso_besieged_by_evil, overflow_temple_1_default,
          grunt_dithmenos_smoke_and_mirrors,
          nicolae_ru_great_annihilating_truth, doesnt_xom_only_xom,
          serial_shops, nicolae_shop_waterfront, fountainhead
Temple:   nicolae_temple_bog_church

Skill      XL: |  1  2  3  4  5  6  7 |
---------------+----------------------+-----
Earth Magic    | 4 |  4.2
Stealth        | 3 5 |  5.7
Dodging        | 3 4 5 |  5.3
Fighting       | 2 3 |  3.3
Spellcasting   | |  2.0
Transmutations | |  1.0

Action                   |  1- 3 |  4- 6 |  7- 9 || total
-------------------------+-------+-------+-------++-------
Melee: Unarmed           |     7 |    13 |     2 ||    22
       Tentacles         |     3 |     5 |       ||     8
       Constrict         |     1 |     3 |     1 ||     5
       Rapier            |       |       |     2 ||     2
 Cast: Sandblast         |    42 |    74 |    40 ||   156
  Use: Scroll            |     5 |     3 |     4 ||    12
       Potion            |       |     3 |       ||     3
 Stab: Sleeping          |       |     4 |     1 ||     5
Armor: Skin              |     2 |    13 |     2 ||    17
Dodge: Dodged            |    12 |    55 |    19 ||    86
